 Dungeon Crawl Stone Soup version 0.31-a0-1-g4198be8af4 (webtiles) character file.

Game seed: 14883536347338597214

92 vineage the Trooper (level 4, 0/29 HPs)
             Began as a Gargoyle Fighter on May 2, 2023.
             Killed from afar by Blork the orc (8 damage)
             ... with a magic dart
             ... on level 4 of the Dungeon.
             The game lasted 00:02:15 (2052 turns).

vineage the Trooper (Gargoyle Fighter)              Turns: 2052, Time: 00:02:17

Health: 0/29       AC: 13    Str: 20    XL:     4   Next: 60%
Magic:  4/4        EV:  7    Int:  8    God:
Gold:   158        SH:  5    Dex: 11    Spells: 3/3 levels left

rFire   . . .        a - +0 flail
rCold   . . .        c - +1 buckler
rNeg    + . .        f - +0 chain mail
rPois   ∞            (no helmet)
rElec   +            (no cloak)
rCorr   .            (no gloves)
SInv    .            (no boots)
Will    .....        (no amulet) Stlth
                     (no ring)
HPRegen 0.24/turn    (no ring)
MPRegen 0.09/turn

%: no passive effects
@: mighty
A: sickness immunity, AC +3, negative energy resistance 1, electricity
resistance, torment resistance 1, petrification resistance
a: no special abilities


You were on level 4 of the Dungeon.
You visited 1 branch of the dungeon, and saw 4 of its levels.

You collected 158 gold pieces.

Inventory:

Hand Weapons
 a - a +0 flail (weapon)
Armour
 c - a +1 buckler (worn)
 f - a +0 chain mail (worn)
Scrolls
 j - 2 scrolls of fear
 m - 2 scrolls of teleportation
Potions
 e - a potion of haste
 h - a potion of flight
 i - 2 potions of lignification
 k - 3 potions of curing {unknown}
 l - 2 potions of berserk rage {unknown}
 n - a potion of heal wounds {unknown}


   Skills:
 + Level 3.9 Fighting
 * Level 3.3 Maces & Flails
 + Level 3.9 Armour
 + Level 3.8 Shields


You had 3 spell levels left.
You didn't know any spells.
Your spell library contained the following spells:

 Spells                   Type           Power      Damage    Failure   Level
 Freeze                   Ice            0%         1d3       99%         1
 Kiss of Death            Conj/Necr      0%         2d5       99%         1
 Sandblast                Erth           0%         2d4       99%         1
 Passwall                 Tmut/Erth      0%         N/A       99%         2
 Confusing Touch          Hex            0%         N/A       100%        3
 Frozen Ramparts          Ice            0%         1d1       100%        3
 Hailstorm                Conj/Ice       0%         3d3       100%        3
 Stone Arrow              Conj/Erth      0%         3d7       100%        3
 Dispel Undead            Necr           0%         3d6       100%        4


Dungeon Overview and Level Annotations

Branches:
Dungeon (4/15)
 Temple: D:4-7

Altars:

Annotations:
D:4 Blork the orc


Innate Abilities, Weirdness & Mutations

You are immune to sickness and miasma.
Your stone body is resilient. (AC +3)
You are immune to poison.
You resist negative energy. (rN+)
You are resistant to electric shocks. (rElec)
You are resistant to unholy torment.
You are immune to petrification.


Message History

Blork the orc zaps a wand.
The puff of flame hits you.
Found 9 gold pieces.
Blork the orc begins to cast a cantrip, but forgets the words!
Blork the orc zaps a wand.
The puff of flame hits you.
You closely miss Blork the orc.
Blork the orc zaps a wand.
The puff of flame hits you but does no damage.
Blork the orc closely misses you.
You barely miss Blork the orc.
Blork the orc gestures wildly while chanting.
Blork the orc seems to speed up.
You barely miss Blork the orc.
Blork the orc zaps a wand.
The puff of flame hits you but does no damage.
Blork the orc barely misses you.
You sock Blork the orc!
Blork the orc is heavily wounded.
Blork the orc gestures at you while chanting.
The magic dart hits you.
You hit Blork the orc.
Blork the orc is severely wounded.
Blork the orc hits you but does no damage.
Blork the orc zaps a wand.
The puff of flame hits you but does no damage.
Blork the orc casts a spell at you.
The puff of flame hits you but does no damage.
You barely miss Blork the orc.
Blork the orc is severely wounded.
Blork the orc hits you with a +0 mace.
You are too injured to fight recklessly!
You are too injured to fight recklessly!
You are too injured to fight recklessly!
You are too injured to fight recklessly!
You are too injured to fight recklessly!
You are too injured to fight recklessly!
You sock Blork the orc!
Blork the orc is almost dead.
Blork the orc hits you with a +0 mace.
* * * LOW HITPOINT WARNING * * *
Blork the orc casts a spell at you. The magic dart hits you!
You die...

...... #.........
#.........# )
##..(......####.
#..........##...
#..........##...
#########.#.......# #...
......o@..........###...
######..##........##....
#.####.)....†...<# #..
#...........#
#...####.......#.###
..................#
.$..........##..####
.............#...#
..........#...#


You could see Blork the orc (fast).

Vanquished Creatures
  Terence (D:2)
  3 adders
  A worm (D:2)
  4 endoplasms
  2 goblins
  5 hobgoblins
  4 jackals (D:2)
  4 quokkas
  4 ball pythons
  A frilled lizard (D:1)
  3 kobolds
  3 rats
35 creatures vanquished.

Notes
Turn   | Place    | Note
-------+----------+-------------------------------------------
     0 | D:1      | vineage the Gargoyle Fighter began the quest for the Orb.
     0 | D:1      | Reached XP level 1. HP: 14/14 MP: 1/1
   278 | D:1      | Reached XP level 2. HP: 16/19 MP: 2/2
   375 | D:2      | Noticed Terence
   394 | D:2      | Killed Terence
   395 | D:2      | Reached XP level 3. HP: 23/23 MP: 3/3
  1111 | D:3      | Reached XP level 4. HP: 29/29 MP: 4/4
  2040 | D:4      | Noticed Blork the orc
  2052 | D:4      | Killed from afar by Blork the orc

Illustrated notes

Levels and vault maps discovered:
D:1:      lordsloth_arrival_two_stooges, layout_basic
D:2:      layout_basic, uniq_terence
D:3:      layout_loops_ring
D:4:      layout_rooms, general_overflow_altar, mainiacjoe_overflow_alcove_4,
          lemuel_crystal_altar, serial_shops, shop, uniq_blork_the_orc

Skill      XL: |  1  2  3 |
---------------+----------+-----
Maces & Flails | 3 |  3.3
Fighting       | |  3.9
Armour         | |  3.9
Shields        | |  3.8

Action                     |  1- 3 |  4- 6 || total
---------------------------+-------+-------++-------
  Melee: Flail             |    70 |    65 ||   135
    Use: Scroll            |     6 |     3 ||     9
         Potion            |       |     1 ||     1
 Armour: Scale mail        |    18 |    36 ||    54
         Skin              |    22 |       ||    22
         Chain mail        |       |     9 ||     9
  Dodge: Dodged            |    21 |    41 ||    62
  Block: Buckler           |    11 |    19 ||    30

Table legend: (Time is in decaauts)
 A = Elapsed time spent in this place.
 B = Non-inter-level travel time spent in this place.
 C = Inter-level travel time spent in this place.
 D = Time resting spent in this place.
 E = Time spent auto-exploring this place.
 F = Levels seen in this place.
 G = Mean time per level.
                   A        B        C        D        E       F      G
               +--------+--------+--------+--------+--------+-----+--------+
         Total |   2092 |   1855 |    237 |      0 |   1525 |   4 |  523.0 |
       Dungeon |   2092 |   1855 |    237 |      0 |   1525 |   4 |  523.0 |
               +--------+--------+--------+--------+--------+-----+--------+

Top non-repeatable levels by time:
     D:2: 913 daAuts
     D:3: 707 daAuts
     D:1: 383 daAuts
     D:4: 88 daAuts
